[Event "Titled Tuesday Blitz July 4 Early 2023"]
[White "FuenfgegenWilly"]
[Black "Ovchinnikov, Vsevolod"]
[BlackFideId "24176842"]
[WhiteElo "2408"]
[BlackElo "2594"]
[Result "0-1"]
[Round "6"]
[TimeControl "180+2"]
[Date "2023.07.04"]
[WhiteClock "0:00:00"]
[BlackClock "0:00:06"]
[Board "86"]

1. d4 Nf6 2. c4 c6 3. Nc3 d5 4. cxd5 cxd5 5. Bf4 a6 6. e3 Nc6 7. Rc1 e6 8. Bd3 Bd6 9. Bxd6 Qxd6 10. f4 O-O 11. Nf3 Bd7 12. O-O Rac8 13. Ne5 Rc7 14. Qf3 Rfc8 15. g4 Be8 16. g5 Nd7 17. Qh5 Nf8 18. Rf3 f5 19. Qh4 Nxe5 20. fxe5 Qb4 21. Rc2 b5 22. Qe1 Qe7 23. Rg2 b4 24. Ne2 a5 25. h3 Bh5 26. Rf4 Ng6 27. Rf1 Bxe2 28. Qxe2 Rc1 29. Kh2 Qc7 30. Rxc1 Qxc1 31. Rg1 Qc7 32. Qf2 Nf8 33. Rg2 Qc1 34. Rg1 Qc6 35. h4 Qa4 36. Bb1 Rc7 37. Qd2 Qc6 38. Bd3 Qa4 39. Bb1 Qc6 40. Kg3 Ng6 41. h5 Nf8 42. Kf4 Nd7 43. Rf1 Nb6 44. b3 Qc3 45. Qg2 a4 46. bxa4 Nxa4 47. g6 h6 48. Bxf5 Qc6 49. Bg4 Nc3 50. Qh3 Re7 51. Kg3 Qe8 52. Rf2 Ne4+ 53. Kg2 Nxf2 54. Kxf2 Qf8+ 55. Ke2 Qc8 56. Kf3 Qc6 57. Kg3 Re8 58. Kh4 Kh8 59. Qf3 Qd7 60. Qd1 Qe7+ 61. Kg3 Rf8 62. Qe2 Qg5 63. Qd2 Qe7 64. Qe2 Ra8 65. Qc2 Qd7 66. Qb3 Qe7 67. Kh3 Ra3 68. Qb2 Rxe3+ 69. Kg2 Ra3 70. Bf3 Ra8 71. Qf2 Qg5+ 72. Kh3 Qf5+ 73. Kh4 Qf4+ 74. Kh3 Ra3 75. Kg2 Kg8 0-1


[Site "https://www.chess.com"]

[Event "Titled Tuesday Blitz July 4 Early 2023"]
[White "Labussiere, Yago"]
[Black "Tanaka, Taira Tyler"]
[WhiteFideId "2186969"]
[BlackFideId "7002351"]
[WhiteElo "2385"]
[BlackElo "2591"]
[Result "0-1"]
[Round "6"]
[TimeControl "180+2"]
[Date "2023.07.04"]
[WhiteClock "0:00:08"]
[BlackClock "0:00:18"]
[Board "87"]

1. d4 Nf6 2. c4 e6 3. Nf3 d5 4. cxd5 exd5 5. Nc3 c6 6. Bg5 Be7 7. Qc2 O-O 8. e3 Re8 9. Bd3 Ne4 10. Bxe7 Qxe7 11. O-O Bf5 12. Rae1 Nd7 13. Nd2 Nxd2 14. Qxd2 Bxd3 15. Qxd3 a5 16. f3 b5 17. e4 b4 18. Na4 dxe4 19. fxe4 Rad8 20. Qc4 Nf6 21. Nc5 Nd7 22. Nb7 Rc8 23. Nxa5 c5 24. Nb7 Ne5 25. dxe5 Qxb7 26. Rf5 Re6 27. Ref1 Rce8 28. Qd5 Qxd5 29. exd5 Rxe5 30. Rxf7 Rxd5 31. Rc7 Rd2 32. Rff7 Re1+ 33. Rf1 Rxf1+ 34. Kxf1 Rxb2 35. Rxc5 Rxa2 36. Rb5 Rb2 37. Rb7 g6 38. h3 h5 39. h4 b3 40. Kg1 Rb1+ 41. Kh2 Kf8 42. Kg3 Ke8 43. Kh2 Kd8 44. Rb6 Kc7 45. Rb4 Kc6 46. Rb8 Kd5 47. Rg8 Kc5 48. Rxg6 b2 49. Rg5+ Kc4 50. Rg8 Rc1 51. Rc8+ Kd5 52. Rd8+ Ke6 0-1


[Site "https://www.chess.com"]

[Event "Titled Tuesday Blitz July 4 Early 2023"]
[White "Chyngyz, Sultai"]
[Black "Gontcharov, Vladislav"]
[WhiteFideId "13803158"]
[BlackFideId "4123492"]
[WhiteElo "2362"]
[BlackElo "2584"]
[Result "1-0"]
[Round "6"]
[TimeControl "180+2"]
[Date "2023.07.04"]
[WhiteClock "0:00:48"]
[BlackClock "0:00:15"]
[Board "88"]

1. e4 e6 2. d4 d5 3. e5 c5 4. c3 Nc6 5. Nf3 Nge7 6. Na3 cxd4 7. cxd4 Nf5 8. Nc2 Nh4 9. Be2 Nxg2+ 10. Kf1 Nh4 11. a3 Nxf3 12. Bxf3 g6 13. h4 h5 14. b4 Be7 15. Ne3 Bxh4 16. Bb2 Be7 17. Kg2 Bd7 18. Rc1 Rc8 19. Qd3 a6 20. Rhg1 Na7 21. Kh1 Rxc1 22. Bxc1 Bb5 23. Qb1 g5 24. Bd1 g4 25. Ng2 Bg5 26. f4 gxf3 27. Bxf3 Bxc1 28. Qxc1 Nc6 29. Qf4 Qb6 30. Rd1 Ba4 31. Rd2 a5 32. Ne3 axb4 33. Qf6 Rf8 34. Bxd5 exd5 35. e6 Ne7 36. exf7+ Kd7 37. Qxb6 Bc6 38. Qxb4 Rxf7 39. Re2 Rf4 40. Ng2 Rf7 41. Kh2 Ng6 42. Qe1 h4 43. Re8 Kc7 44. Re6 Rg7 45. Qa5+ Kd7 46. Rf6 Ne7 47. Qb4 Nc8 48. Qf8 Re7 49. Rf7 h3 50. Kxh3 Rxf7 51. Qxf7+ Kd8 52. Nf4 Nd6 53. Ne6+ Kc8 54. Qc7# 1-0


[Site "https://www.chess.com"]

[Event "Titled Tuesday Blitz July 4 Early 2023"]
[White "Materia, Marco"]
[Black "Rosh Jain"]
[WhiteFideId "45150451"]
[BlackFideId "25789465"]
[WhiteElo "2579"]
[BlackElo "2361"]
[Result "1-0"]
[Round "6"]
[TimeControl "180+2"]
[Date "2023.07.04"]
[WhiteClock "0:00:29"]
[BlackClock "0:00:07"]
[Board "89"]

1. d4 Nf6 2. c4 e6 3. Nf3 d5 4. Nc3 c5 5. cxd5 Nxd5 6. g3 Nc6 7. Bg2 Be7 8. O-O O-O 9. e4 Nxc3 10. bxc3 cxd4 11. cxd4 b6 12. Bf4 Ba6 13. Re1 Nb4 14. Ne5 Rc8 15. d5 exd5 16. exd5 Bf6 17. Rb1 Bxe5 18. Bxe5 Nd3 19. Bf1 Qxd5 20. Bxd3 Qxd3 21. Qg4 Qg6 22. Qa4 Bd3 23. Rb4 Rfe8 24. Rg4 Rxe5 25. Rxe5 Rc1+ 26. Kg2 Bf1+ 27. Kf3 Qf6+ 28. Qf4 Rc3+ 29. Re3 Qc6+ 30. Qe4 Rxe3+ 31. fxe3 Qf6+ 32. Rf4 Qd8 33. Kf2 Bh3 34. Qd4 Qa8 35. e4 Qc8 36. Qd3 Be6 37. e5 g6 38. Rd4 Qc5 39. Qe3 Qc2+ 40. Rd2 Qf5+ 41. Kg1 Qh3 42. Qg5 Qf5 43. Qxf5 gxf5 44. Kf2 a6 45. Ke3 b5 46. a3 a5 47. Rd8+ Kg7 48. Rb8 Bc4 49. Ra8 a4 50. Rb8 f6 51. Rb7+ Kg6 52. exf6 Kxf6 53. Rxh7 Kg6 54. Rb7 Kg5 55. h3 Kh5 56. Kf4 Bd3 57. Rb6 Bc2 58. Rxb5 Bd3 59. Rxf5+ Bxf5 60. Kxf5 Kh6 61. g4 Kh7 62. Kg5 Kh8 63. Kg6 Kg8 64. g5 Kh8 65. Kf7 Kh7 66. g6+ Kh8 67. g7+ Kh7 68. g8=Q+ Kh6 69. Qg6# 1-0


[Site "https://www.chess.com"]

[Event "Titled Tuesday Blitz July 4 Early 2023"]
[White "Prieto Aranguren, Alain"]
[Black "Przybylski, Wojciech"]
[WhiteFideId "2268906"]
[BlackFideId "1117599"]
[WhiteElo "2349"]
[BlackElo "2576"]
[Result "1-0"]
[Round "6"]
[TimeControl "180+2"]
[Date "2023.07.04"]
[WhiteClock "0:00:39"]
[BlackClock "0:00:03"]
[Board "90"]

1. d4 Nf6 2. c4 e6 3. Nc3 Bb4 4. Bd2 O-O 5. e3 b6 6. Bd3 Bb7 7. Nf3 d6 8. O-O Nbd7 9. a3 Bxc3 10. Bxc3 Ne4 11. Be1 f5 12. Nd2 Ng5 13. f3 Qe8 14. Bh4 Qh5 15. Qe1 e5 16. d5 f4 17. exf4 Rxf4 18. Bxg5 Qxg5 19. Ne4 Qh6 20. b4 Rh4 21. Qg3 Rf8 22. Rac1 Rh5 23. Qg4 Bc8 24. Qe6+ Qxe6 25. dxe6 Nf6 26. e7 Re8 27. c5 bxc5 28. bxc5 d5 29. Nxf6+ gxf6 30. Rb1 Kf7 31. Rb8 Kxe7 32. Bb5 Bd7 33. Rb7 Bxb5 34. Rxb5 Kd7 35. Rb7 Kc6 36. Rxa7 d4 37. Rc1 Re6 38. Ra6+ Kd5 39. c6 Rg5 40. Ra5+ Kd6 41. Kf2 Rg8 42. a4 Rb8 43. Rc2 f5 44. Ke2 Rb6 45. Rcc5 Rxc6 46. Rd5+ Ke7 47. Rxe5 Kf6 48. Rxe6+ Rxe6+ 49. Kd3 Rd6 50. Rc5 Ra6 51. a5 c6 52. Kxd4 h5 53. Ke3 Ke6 54. Kf4 Ra8 55. Rxf5 Kd6 56. Rxh5 c5 57. Rh6+ Kd5 58. a6 c4 59. Rh7 Rxa6 60. Rd7+ Kc6 61. Rd1 Kc5 62. g4 c3 63. h4 Ra4+ 64. Kg5 Rd4 65. Rc1 Rd5+ 66. Kh6 Kd4 67. f4 Rd6+ 68. Kg5 Rc6 69. f5 c2 70. f6 Ke5 71. Re1+ Kd4 72. Kg6 Rc8 73. f7 Rc6+ 74. Kg7 Re6 75. Rc1 Re4 76. f8=Q Rxg4+ 77. Kh6 Rxh4+ 78. Kg5 Re4 79. Qd6+ Ke3 80. Rxc2 Rg4+ 81. Kxg4 Ke4 82. Re2# 1-0


[Site "https://www.chess.com"]

[Event "Titled Tuesday Blitz July 4 Early 2023"]
[White "HamedWafa4"]
[Black "Juknis, Paulius"]
[BlackFideId "12802247"]
[WhiteElo "2571"]
[BlackElo "2343"]
[Result "1-0"]
[Round "6"]
[TimeControl "180+2"]
[Date "2023.07.04"]
[WhiteClock "0:00:04"]
[BlackClock "0:00:00"]
[Board "91"]

1. e4 c5 2. Nf3 Nc6 3. Bb5 Nf6 4. Nc3 g6 5. O-O Bg7 6. Re1 O-O 7. h3 Nd4 8. Bf1 d6 9. d3 Nc6 10. Be3 b6 11. d4 cxd4 12. Nxd4 Bb7 13. Qd2 Nxd4 14. Bxd4 e5 15. Be3 d5 16. exd5 Nxd5 17. Nxd5 Qxd5 18. Qxd5 Bxd5 19. Red1 Be6 20. a4 f5 21. Rd6 Bf7 22. a5 f4 23. Bd2 Rfd8 24. Rxd8+ Rxd8 25. Bc3 e4 26. Bxg7 Kxg7 27. axb6 axb6 28. Ra4 e3 29. Rxf4 Rd2 30. fxe3 Rxc2 31. Rb4 Rc1 32. Kf2 Rc2+ 33. Be2 Rc6 34. Bf3 Rd6 35. Kg3 Kf6 36. Kf4 g5+ 37. Kg3 Ke5 38. h4 h6 39. hxg5 hxg5 40. Rb5+ Kf6 41. e4 Re6 42. Bg4 Rxe4 43. Rxb6+ Ke5 44. Bf3 Rd4 45. Rb5+ Kf6 46. Rb6+ Ke5 47. b4 Be6 48. Rb5+ Kf6 49. Rb6 g4 50. Bb7 Rd3+ 51. Kf4 Rd4+ 52. Ke3 Rd8 53. b5 Ke5 54. Be4 Rc8 55. Rc6 Rxc6 56. Bxc6 Bc4 57. b6 Kd6 58. b7 Kc7 59. Kf4 Be6 60. Be4 Bd7 61. Bf5 Bc6 62. Be4 Bd7 63. g3 Kb8 64. Ke5 Kc7 65. Kf6 Bb5 66. Kg5 Bd7 67. Bf5 Bc6 68. Kxg4 Bxb7 69. Kg5 Kd6 70. Bd3 Bf3 71. Kf4 Bd1 72. Bf5 Ke7 73. Bg4 Kf8 74. Bxd1 1-0


[Site "https://www.chess.com"]

[Event "Titled Tuesday Blitz July 4 Early 2023"]
[White "Rodriguez Santiago, Jaime"]
[Black "Mamedov, Edgar"]
[WhiteFideId "3100898"]
[BlackFideId "13739980"]
[WhiteElo "2331"]
[BlackElo "2561"]
[Result "0-1"]
[Round "6"]
[TimeControl "180+2"]
[Date "2023.07.04"]
[WhiteClock "0:00:00"]
[BlackClock "0:00:06"]
[Board "92"]

1. c4 c6 2. d4 d5 3. cxd5 cxd5 4. Bf4 Nc6 5. e3 Nf6 6. Nc3 a6 7. Be2 Bf5 8. g4 Bg6 9. h4 h5 10. g5 Ne4 11. Rc1 e6 12. Bf3 Bb4 13. Ne2 O-O 14. Kf1 Ne7 15. Ng3 Nxg3+ 16. Bxg3 Bxc3 17. Rxc3 Nf5 18. Bf4 Qb6 19. Rb3 Qc6 20. Bxh5 Bxh5 21. Qxh5 Qc2 22. Kg2 Qe4+ 23. Qf3 b5 24. Qxe4 dxe4 25. h5 Rac8 26. Ra3 Rc6 27. h6 gxh6 28. gxh6 Kh7 29. Kh2 Rc2 30. Rg1 Rxf2+ 31. Kh1 Rxb2 32. Rxa6 Rc2 33. Ra7 Rcc8 34. Rb7 Ra8 35. Rg2 Ra5 36. Bc7 Ra3 37. Bf4 Ra5 38. Bc7 Ra3 39. Bf4 Nxe3 40. Rg7+ Kh8 41. Rbxf7 Rxf7 42. Rxf7 Ng4 43. Be5+ Nxe5 44. dxe5 Rxa2 45. Re7 e3 46. Kg1 Ra1+ 47. Kg2 e2 0-1


[Site "https://www.chess.com"]

[Event "Titled Tuesday Blitz July 4 Early 2023"]
[White "Fantastic_Power"]
[Black "Slovineanu, Viacheslav"]
[BlackFideId "13900510"]
[WhiteElo "2561"]
[BlackElo "2320"]
[Result "0-1"]
[Round "6"]
[TimeControl "180+2"]
[Date "2023.07.04"]
[WhiteClock "0:00:00"]
[BlackClock "0:00:28"]
[Board "93"]

1. d4 Nf6 2. c4 e6 3. Nc3 d5 4. cxd5 Nxd5 5. e4 Nxc3 6. bxc3 c5 7. Nf3 cxd4 8. cxd4 Bb4+ 9. Bd2 Bxd2+ 10. Qxd2 O-O 11. Bc4 Nd7 12. O-O b6 13. Rfe1 Bb7 14. Rad1 Rc8 15. Bb3 Re8 16. Re3 Nf6 17. d5 exd5 18. e5 Ne4 19. Qe1 Nc5 20. Bc2 d4 21. Rxd4 Qe7 22. h4 Ne6 23. Rd2 Bxf3 24. Rxf3 Rxc2 25. Rxc2 Nd4 26. Rfc3 Nxc2 27. Rxc2 Qxh4 28. Rc7 g6 29. Rxa7 Qd4 30. g3 Rxe5 31. Qb1 Re2 32. Qf1 Qe4 33. Kh2 Qf3 34. Kg1 Rd2 35. Re7 Rxa2 36. Re8+ Kg7 37. Re3 Qf6 38. Rb3 Ra1 39. Rb1 Rxb1 40. Qxb1 h5 41. Qb5 Qd4 42. Kg2 Qc5 43. Qd7 b5 44. f4 b4 45. Qb7 Qc2+ 46. Kh3 b3 0-1


[Site "https://www.chess.com"]

[Event "Titled Tuesday Blitz July 4 Early 2023"]
[White "Mindhunter08"]
[Black "Zavgorodniy, Sergiy"]
[BlackFideId "14110148"]
[WhiteElo "2316"]
[BlackElo "2560"]
[Result "0-1"]
[Round "6"]
[TimeControl "180+2"]
[Date "2023.07.04"]
[WhiteClock "0:00:00"]
[BlackClock "0:00:11"]
[Board "94"]

1. e4 e5 2. Nf3 d6 3. d4 exd4 4. Nxd4 Nf6 5. Nc3 Be7 6. Be2 O-O 7. Bf4 Nc6 8. Qd2 Nxd4 9. Qxd4 Be6 10. O-O-O Nd7 11. Qd2 Bf6 12. f3 a5 13. g4 a4 14. g5 Bxc3 15. Qxc3 Bxa2 16. h4 Qe7 17. h5 Ne5 18. h6 g6 19. Be3 f6 20. f4 Nd7 21. Bd3 Be6 22. f5 Bxf5 23. exf5 Qxe3+ 24. Kb1 Qc5 25. Bc4+ Kh8 26. fxg6 hxg6 27. gxf6 Ne5 28. Rh4 b5 29. Bd5 Qxc3 30. bxc3 c6 31. Bg2 Rxf6 32. Rhd4 d5 33. Re1 Nc4 34. Re7 Raf8 35. Ka1 Rf2 36. Bh3 Rxc2 37. Rg4 Rh2 38. Rg3 d4 39. cxd4 b4 40. Bg2 b3 41. Rxg6 a3 42. Rgg7 Rh1+ 0-1


[Site "https://www.chess.com"]

[Event "Titled Tuesday Blitz July 4 Early 2023"]
[White "Tologon tegin, Semetei"]
[Black "Schut, Han"]
[WhiteFideId "13800574"]
[BlackFideId "1005561"]
[WhiteElo "2559"]
[BlackElo "2309"]
[Result "1-0"]
[Round "6"]
[TimeControl "180+2"]
[Date "2023.07.04"]
[WhiteClock "0:00:55"]
[BlackClock "0:00:08"]
[Board "95"]

1. b3 e5 2. Bb2 Nc6 3. e3 Bd6 4. c4 Qe7 5. Nc3 f5 6. Nf3 Nf6 7. d4 exd4 8. Nxd4 Nxd4 9. Qxd4 Be5 10. Qd2 d6 11. Be2 O-O 12. O-O Bd7 13. Bf3 c6 14. Rad1 Rad8 15. Rfe1 Be6 16. g3 Qf7 17. Ne2 g5 18. Bxe5 dxe5 19. Qxd8 Rxd8 20. Rxd8+ Kg7 21. Red1 e4 22. Bg2 Qh5 23. R1d2 Ng4 24. h3 Ne5 25. Nd4 Bd7 26. Rxd7+ Nxd7 27. Nxf5+ Kf6 28. Rxd7 Qe2 29. Bxe4 Qxa2 30. Rd3 h5 31. g4 h4 32. Kg2 b5 33. cxb5 cxb5 34. Nd6 a6 35. Bf5 Qa5 36. Ne4+ Ke7 37. Nxg5 Qb4 38. Nf3 a5 39. Nxh4 a4 40. bxa4 bxa4 41. Ng6+ Ke8 42. Rd4 Qb7+ 43. Be4 Qb3 44. Bd5 Qb5 45. Ne5 a3 46. Bc6+ Qxc6+ 47. Nxc6 a2 48. Ra4 1-0


[Site "https://www.chess.com"]

[Event "Titled Tuesday Blitz July 4 Early 2023"]
[White "Estrada Nieto, Julian"]
[Black "Samarth J Rao"]
[WhiteFideId "5101018"]
[BlackFideId "46652370"]
[WhiteElo "2559"]
[BlackElo "2265"]
[Result "1-0"]
[Round "6"]
[TimeControl "180+2"]
[Date "2023.07.04"]
[WhiteClock "0:01:30"]
[BlackClock "0:00:57"]
[Board "96"]

1. e4 c5 2. Nf3 e6 3. c3 d5 4. exd5 Qxd5 5. d4 Nf6 6. Na3 Nc6 7. Be3 cxd4 8. Nb5 Qd8 9. Nbxd4 Bd7 10. Bd3 Be7 11. O-O O-O 12. Qe2 a6 13. Rad1 Qc7 14. Nxc6 Bxc6 15. Bd4 Rfd8 16. Rfe1 Rd7 17. Ne5 Rd5 18. Bc4 Rdd8 19. Nxf7 Kxf7 20. Qxe6+ Kg6 21. Qf7+ Kh6 22. Rxe7 Qxe7 23. Qxe7 Rd7 24. Be3+ g5 25. Qxf6+ 1-0


[Site "https://www.chess.com"]

[Event "Titled Tuesday Blitz July 4 Early 2023"]
[White "Mikhailovsky, Vladimir"]
[Black "Bilan, Danila"]
[WhiteFideId "34105414"]
[BlackFideId "24161918"]
[WhiteElo "2805"]
[BlackElo "2534"]
[Result "1-0"]
[Round "6"]
[TimeControl "180+2"]
[Date "2023.07.04"]
[WhiteClock "0:00:03"]
[BlackClock "0:00:00"]
[Board "97"]

1. e4 c6 2. Nf3 d5 3. d3 Bg4 4. h3 Bh5 5. g4 Bg6 6. h4 h6 7. h5 Bh7 8. Qe2 e6 9. Bg2 Nd7 10. Nc3 Ngf6 11. g5 hxg5 12. Nxg5 Bb4 13. Bd2 Qe7 14. O-O-O O-O-O 15. Kb1 Bg8 16. a3 Bc5 17. f4 Ne8 18. Na4 Bd6 19. e5 Bc7 20. d4 c5 21. dxc5 Nxc5 22. Bb4 Bb6 23. Qb5 Qd7 24. Nxb6+ axb6 25. Qxb6 Na6 26. Ba5 Nec7 27. Ne4 Kb8 28. c4 Qc6 29. cxd5 exd5 30. Nd6 Bh7+ 31. Ka1 Rhf8 32. Qb3 Rd7 33. Bxd5 Nxd5 34. Rxd5 Be4 35. Rhd1 Bxd5 36. Rxd5 Rfd8 37. Bxd8 Rxd8 38. Rd1 Nc5 39. Qxf7 Qb6 40. Qc4 Nb3+ 41. Ka2 Na5 42. Rd5 Nxc4 43. Nxc4 Qe6 44. Rxd8+ Kc7 45. Rd4 b5 46. Kb3 bxc4+ 47. Rxc4+ Kb6 48. Kc3 Qh3+ 49. Kd4 Qxh5 50. Ke4 Qe2+ 51. Kd4 Qxb2+ 52. Kd5 Qxa3 53. Rc6+ Kb7 54. Rd6 Qd3+ 55. Ke6 Qg6+ 56. Ke7 Qf5 57. e6 Qxf4 58. Kd7 Qa4+ 59. Ke7 Kc7 60. Rd7+ 1-0


[Site "https://www.chess.com"]

[Event "Titled Tuesday Blitz July 4 Early 2023"]
[White "Dvirnyy, Danyyil"]
[Black "Brunner, Nicolas"]
[WhiteFideId "817570"]
[BlackFideId "620246"]
[WhiteElo "2749"]
[BlackElo "2533"]
[Result "1-0"]
[Round "6"]
[TimeControl "180+2"]
[Date "2023.07.04"]
[WhiteClock "0:01:34"]
[BlackClock "0:00:11"]
[Board "98"]

1. e4 e5 2. Nf3 Nf6 3. Nc3 Nc6 4. g3 d5 5. exd5 Nxd5 6. Bg2 Nxc3 7. bxc3 Bc5 8. O-O O-O 9. d3 Qf6 10. Rb1 Bb6 11. a4 Bg4 12. h3 Bh5 13. g4 Bg6 14. Ng5 h6 15. Ne4 Qh4 16. Ng3 f5 17. gxf5 Bxf5 18. Qh5 Qxh5 19. Nxh5 Rae8 20. Ng3 Bc8 21. Be3 Ne7 22. Rb5 Ng6 23. a5 Bxe3 24. fxe3 c6 25. Rb4 Rxf1+ 26. Kxf1 Rf8+ 27. Kg1 Ne7 28. c4 Kf7 29. c5 Ke6 30. d4 Nd5 31. Rb3 exd4 32. exd4 Rf4 33. c4 Nf6 34. Re3+ Kf7 35. Ne2 Rh4 36. a6 bxa6 37. Bxc6 Bxh3 38. Bb7 Bg4 39. c6 Bxe2 40. Rxe2 Rxd4 41. c7 Rxc4 42. c8=Q Rxc8 43. Bxc8 a5 44. Ra2 g5 45. Rxa5 Kg6 46. Rxa7 h5 47. Ra5 g4 48. Kf2 Ng8 49. Kg3 Ne7 50. Be6 Kf6 51. Bd7 Kg6 52. Be8+ 1-0


[Site "https://www.chess.com"]

[Event "Titled Tuesday Blitz July 4 Early 2023"]
[White "Weetik, Vjacheslav"]
[Black "robertoalejandro10"]
[WhiteFideId "4153472"]
[WhiteElo "2735"]
[BlackElo "2531"]
[Result "1-0"]
[Round "6"]
[TimeControl "180+2"]
[Date "2023.07.04"]
[WhiteClock "0:00:16"]
[BlackClock "0:00:02"]
[Board "99"]

1. d4 Nf6 2. c4 g6 3. Nc3 d5 4. cxd5 Nxd5 5. e4 Nxc3 6. bxc3 Bg7 7. Bg5 O-O 8. Rc1 c5 9. d5 Qa5 10. Qd2 Re8 11. Nf3 Bg4 12. c4 Qa3 13. Be2 Bxf3 14. gxf3 Nd7 15. h4 Ne5 16. Be3 a6 17. f4 Nd7 18. e5 Rab8 19. h5 b5 20. cxb5 axb5 21. hxg6 hxg6 22. Kf1 c4 23. Rh3 Nc5 24. Kg2 Ne4 25. Qc2 f5 26. exf6 exf6 27. Bf3 f5 28. d6 Qxd6 29. Rch1 c3 30. Qb3+ Qe6 31. Qc2 Kf7 32. Bd1 Rh8 33. Qe2 Rxh3 34. Rxh3 Ke7 35. Bb3 Qc6 36. f3 Rh8 37. Rxh8 Bxh8 38. fxe4 Qxe4+ 39. Qf3 Qxf3+ 40. Kxf3 b4 41. Bc5+ Kd7 42. Bxb4 Bf6 43. Ke2 g5 44. fxg5 Bxg5 45. Bxc3 Kc7 46. Be5+ Kb6 47. Be6 f4 48. Kf3 Kb5 49. Bxf4 Bf6 50. Bb3 Ka5 51. Ke4 Bb2 52. Bd2+ Ka6 53. Kd3 Bf6 54. Bb4 Bd8 55. Kc4 Kb6 56. Bc2 Ka6 57. a4 Bc7 58. Bd3 Ka7 59. Kc5 Bb6+ 60. Kc6 Bd8 61. Bc5+ Ka8 62. Bb6 Be7 63. a5 Bb4 64. a6 Be7 65. Be4 Kb8 66. a7+ Ka8 67. Kd7# 1-0


[Site "https://www.chess.com"]

[Event "Titled Tuesday Blitz July 4 Early 2023"]
[White "Vyatkin, Dmitry"]
[Black "Williams, Simon K"]
[WhiteFideId "4171900"]
[BlackFideId "404454"]
[WhiteElo "2530"]
[BlackElo "2682"]
[Result "0-1"]
[Round "6"]
[TimeControl "180+2"]
[Date "2023.07.04"]
[WhiteClock "0:00:00"]
[BlackClock "0:00:03"]
[Board "100"]

1. d4 e6 2. c4 b6 3. Nf3 Bb7 4. g3 Bb4+ 5. Bd2 Bxd2+ 6. Nbxd2 d6 7. Bg2 Nd7 8. O-O Ngf6 9. Qc2 O-O 10. e4 e5 11. d5 c6 12. b4 cxd5 13. cxd5 Rc8 14. Qb3 b5 15. Rfc1 Nb6 16. Bh3 Rxc1+ 17. Rxc1 Nfd7 18. Qc3 Qa8 19. Qd3 Rc8 20. Rxc8+ Qxc8 21. Qxb5 Qc1+ 22. Qf1 Qc3 23. Bxd7 Nxd7 24. Qb5 Qc7 25. Qc4 Qb6 26. a4 a5 27. b5 g6 28. Nb3 Nf6 29. h3 Kg7 30. Nfd2 h5 31. Qc3 Qd8 32. Nxa5 Bc8 33. Nc6 Qd7 34. h4 Qh3 35. Qf3 Qd7 36. a5 Qb7 37. Qd3 Ng4 38. b6 Qd7 39. a6 f5 40. Qb1 Bxa6 41. Na5 Bb7 42. Nxb7 Qxb7 43. Qb5 f4 44. Qc6 Qa6 45. b7 Qe2 46. Qb6 Qe1+ 47. Kg2 Qxd2 0-1


[Site "https://www.chess.com"]

[Event "Titled Tuesday Blitz July 4 Early 2023"]
[White "Amburgy, Ryan"]
[Black "Lehtosaari, Mauri"]
[WhiteFideId "30924820"]
[BlackFideId "501999"]
[WhiteElo "2674"]
[BlackElo "2513"]
[Result "1-0"]
[Round "6"]
[TimeControl "180+2"]
[Date "2023.07.04"]
[WhiteClock "0:00:45"]
[BlackClock "0:00:00"]
[Board "101"]

1. d4 d5 2. c4 c6 3. Nf3 Nf6 4. Nc3 dxc4 5. a4 Bf5 6. Ne5 Nbd7 7. Nxc4 Nb6 8. Ne5 a5 9. f3 Nfd7 10. Nxd7 Nxd7 11. e4 Bg6 12. Be3 e5 13. Bc4 Bb4 14. O-O O-O 15. Kh1 Kh8 16. Qd2 Qe7 17. d5 Rad8 18. Qf2 f5 19. dxc6 bxc6 20. exf5 Bxf5 21. Rfe1 Qf6 22. Rad1 h6 23. Bd3 Bxc3 24. bxc3 Bxd3 25. Rxd3 e4 26. Bd4 Qf5 27. Rxe4 Nc5 28. Bxc5 Rxd3 29. Bxf8 Rd1+ 30. Re1 Qb1 31. Rg1 Rxg1+ 32. Qxg1 Qc2 33. Bd6 Qxa4 34. h3 1-0


[Site "https://www.chess.com"]

[Event "Titled Tuesday Blitz July 4 Early 2023"]
[White "Radzhabov, Rodion"]
[Black "Postlmayer, Jakob"]
[WhiteFideId "884715"]
[BlackFideId "1643622"]
[WhiteElo "2657"]
[BlackElo "2500"]
[Result "1-0"]
[Round "6"]
[TimeControl "180+2"]
[Date "2023.07.04"]
[WhiteClock "0:00:07"]
[BlackClock "0:00:00"]
[Board "102"]

1. e4 c5 2. Nf3 d6 3. d4 cxd4 4. Qxd4 Nc6 5. Bb5 Bd7 6. Bxc6 Bxc6 7. Nc3 Nf6 8. Bg5 e6 9. O-O-O Be7 10. Qd3 O-O 11. Nd4 Rc8 12. h4 h6 13. f4 a6 14. g4 b5 15. Bxf6 Bxf6 16. g5 Be7 17. gxh6 g6 18. Qg3 b4 19. Nxe6 Qa5 20. Rd5 Bxd5 21. Nxd5 Rfe8 22. h5 b3 23. axb3 Qa1+ 24. Kd2 Qxb2 25. Nec7 Qd4+ 26. Qd3 Qf2+ 27. Qe2 Qd4+ 28. Qd3 Qf2+ 29. Kc1 Rxc7 30. Nxc7 Qxf4+ 31. Kb1 Rc8 32. Nd5 Qe5 33. hxg6 fxg6 34. h7+ Kh8 35. Nxe7 Qxe7 36. Qd4+ Qe5 37. Qxe5+ dxe5 38. c4 Rc7 39. Kc2 a5 40. Kb2 g5 41. Rh5 Rg7 42. Ka3 g4 43. Rh1 g3 44. Rg1 Kxh7 45. Ka4 Rb7 46. Rxg3 Rb4+ 47. Ka3 Rb7 48. Rd3 Kg6 49. Rd5 Re7 50. Rxa5 Kg5 51. c5 Kf4 52. Ra4 Rc7 53. Rc4 Ke3 54. b4 Kd3 55. Kb3 Rg7 56. c6 Rg1 57. Rc3+ Kd4 58. c7 Rb1+ 59. Kc2 Rxb4 60. c8=Q Kxe4 61. Qg4+ Kd5 62. Qxb4 1-0


[Site "https://www.chess.com"]

[Event "Titled Tuesday Blitz July 4 Early 2023"]
[White "Hilary46"]
[Black "Novik, Maxim"]
[BlackFideId "4102924"]
[WhiteElo "2642"]
[BlackElo "2498"]
[Result "0-1"]
[Round "6"]
[TimeControl "180+2"]
[Date "2023.07.04"]
[WhiteClock "0:00:00"]
[BlackClock "0:00:06"]
[Board "103"]

1. e4 c5 2. Nf3 Nc6 3. d4 cxd4 4. Nxd4 e5 5. Nb5 d6 6. c4 Be6 7. N1c3 a6 8. Na3 Be7 9. Nc2 Rc8 10. Be2 Bg5 11. O-O Bxc1 12. Rxc1 Nf6 13. Qd2 O-O 14. Rfd1 Qb6 15. b3 Rfd8 16. h3 h6 17. Qe3 Qxe3 18. Nxe3 Nd4 19. Bd3 Kf8 20. f3 Rc7 21. Kf2 Rdc8 22. Ne2 Nxe2 23. Bxe2 Ke7 24. Rb1 Nd7 25. Rd2 Nb8 26. h4 Nc6 27. Rbd1 Nd4 28. Rxd4 exd4 29. Rxd4 Rc5 30. f4 f6 31. Kf3 h5 32. Kf2 a5 33. Nd5+ Bxd5 34. exd5 g6 35. f5 gxf5 36. Bxh5 b5 37. Be2 bxc4 38. bxc4 Rb8 39. Rd2 a4 40. Ke3 a3 41. Kd4 Rcc8 42. Kc3 Rg8 43. Bf3 f4 44. h5 f5 45. Re2+ Kf7 46. c5 dxc5 47. Kc4 Rb2 48. Kxc5 Rc8+ 49. Kd4 Rcc2 50. Rxc2 Rxc2 51. d6 Kf6 52. Bd5 Rd2+ 53. Kc5 Ke5 54. Bf3 Rxd6 55. Kb4 Ra6 56. h6 Ra7 57. h7 Rxh7 58. Kxa3 Kd4 59. Kb4 Rh1 60. a4 Rb1+ 61. Ka5 Rb3 62. Ka6 Kc5 63. a5 Ra3 64. Bb7 Kb4 65. Kb6 Rxa5 66. Kc6 Ra2 67. Kd6 Re2 68. Bf3 Re3 69. Kd5 Kc3 70. Bh5 Kd2 71. Kd4 Ke1 72. Bf7 Kf2 73. Bd5 Kg3 74. Bb7 Re2 75. Kd3 Rxg2 76. Ba8 f3 0-1


[Site "https://www.chess.com"]

[Event "Titled Tuesday Blitz July 4 Early 2023"]
[White "chess123456s"]
[Black "Flynn, Jacob"]
[BlackFideId "2509393"]
[WhiteElo "2626"]
[BlackElo "2467"]
[Result "1-0"]
[Round "6"]
[TimeControl "180+2"]
[Date "2023.07.04"]
[WhiteClock "0:01:29"]
[BlackClock "0:00:32"]
[Board "104"]

1. d4 Nf6 2. Nf3 d5 3. c4 e6 4. g3 dxc4 5. Bg2 c5 6. O-O Nc6 7. dxc5 Qxd1 8. Rxd1 Bxc5 9. Nbd2 c3 10. bxc3 O-O 11. Nb3 Be7 12. c4 Bd7 13. Bg5 Rfd8 14. Nbd4 Rac8 15. Nb5 Be8 16. Bf4 Na5 17. Rxd8 Rxd8 18. Bc7 Nxc4 19. Bxd8 Bxd8 20. Nxa7 Bb6 21. Rc1 Bxa7 22. Rxc4 Bb8 23. Rc8 Bd6 24. Nd4 Kf8 25. Bxb7 Ke7 26. Bc6 Be5 1-0


[Site "https://www.chess.com"]